[ AOE2 MATCH · #489820002 ]
UnrankedAztecs vs Hindustanis
Player's team · LOSS
[ REPLAY ANALYSIS · EXTRACTED FROM THE RECORDED GAME ]
Feudal
9:30
Castle
13:12
Imperial
—
| APM avg | 35.2 |
| APM peak | 71 |
| eAPM avg | 12.4 |
| Villagers / military | 36 / 3 |
Focus
⚔️ 35.5% · 🌾 64.5%
Monk ×3
Feudal
10:57
Castle
14:29
Imperial
—
| APM avg | 27.3 |
| APM peak | 70 |
| eAPM avg | 11.3 |
| Villagers / military | 51 / 26 |
Focus
⚔️ 16.8% · 🌾 83.2%
Ghulam ×24 · Monk ×2
Match map
Initial resources + every placement click. Lines = walls · curves = elevation contours. ◆ gold · ⬟ stone · ● berries · ✦ relic · ◌ wall gap
Your base· ✓ Closed at 13:12 · 0t walls · 3 gate(s)
elbonomecito's base· ✓ Closed at 14:29 · 0t walls · 3 gate(s)
Smoothed initial terrain · ◌ = detected wall gap · hover for details
Inputs per minute
— DS_Gitano Urbano - - elbonomecito
Build order — DS_Gitano Urbano
78 actions detected in the replay
| 0:01 | Create | Villager (Male) ×4 |
| 0:02 | Build | House |
| 0:04 | Build | House |
| 1:26 | Create | Villager (Male) |
| 1:46 | Build | Lumber Camp |
| 2:05 | Create | Villager (Male) |
| 2:27 | Create | Villager (Male) |
| 2:53 | Create | Villager (Male) |
| 3:07 | Create | Villager (Male) |
| 3:30 | Build | House |
| 3:31 | Build | House |
| 3:37 | Create | Villager (Male) |
| 3:38 | Create | Villager (Male) |
| 3:53 | Build | House |
| 4:17 | Create | Villager (Male) |
| 4:41 | Create | Villager (Male) |
| 4:51 | Build | Mill |
| 4:58 | Build | Mill |
| 5:03 | Create | Villager (Male) |
| 5:24 | Create | Villager (Male) |
| 5:47 | Create | Villager (Male) |
| 6:04 | Create | Villager (Male) |
| 6:41 | Create | Villager (Male) |
| 7:20 | Research | Feudal Age |
| 8:30 | Create | Villager (Male) |
| 8:30 | Create | Villager (Male) |
| 9:30 | Age | Feudal Age |
| 9:32 | Build | Market |
| 9:35 | Build | Blacksmith |
| 10:03 | Build | Mining Camp |
| 10:32 | Research | Castle Age |
| 10:57 | Research | Double-Bit Axe |
| 11:42 | Research | Loom |
| 11:51 | Create | Villager (Male) |
| 12:17 | Research | Gold Mining |
| 12:22 | Research | Horse Collar |
| 13:12 | Age | Castle Age |
| 13:13 | Build | Farm |
| 13:25 | Build | Monastery |
| 13:29 | Create | Villager (Male) |
| 13:59 | Build | Farm |
| 14:05 | Build | House |
| 14:07 | Create | Villager (Male) |
| 14:16 | Create | Monk |
| 14:18 | Research | Sanctity |
| 14:45 | Create | Villager (Male) |
| 14:49 | Build | Siege Workshop |
| 15:18 | Create | Villager (Male) |
| 15:19 | Create | Villager (Male) |
| 15:23 | Build | Monastery |
| 15:35 | Create | Villager (Male) |
| 15:39 | Build | Farm |
| 15:40 | Build | Farm |
| 15:44 | Build | Farm |
| 16:12 | Build | Palisade Wall |
| 16:19 | Build | Mining Camp |
| 16:26 | Build | Farm |
| 16:29 | Create | Villager (Male) |
| 16:40 | Create | Villager (Male) |
| 17:01 | Create | Monk |
| 17:03 | Create | Villager (Male) |
| 17:29 | Build | Farm |
| 17:31 | Create | Villager (Male) |
| 17:57 | Create | Monk |
| 18:03 | Create | Villager (Male) |
| 18:11 | Build | Stone Wall |
| 18:13 | Build | Stone Wall |
| 18:14 | Create | Villager (Male) |
| 18:20 | Build | House |
| 18:27 | Build | House |
| 18:37 | Research | Town Watch |
| 19:01 | Build | House |
| 19:12 | Create | Villager (Male) |
| 19:13 | Create | Villager (Male) |
| 19:25 | Create | Villager (Male) |
| 19:28 | Build | Barracks |
| 19:39 | Build | Stone Wall |
| 19:41 | Build | Stone Wall |
Build order — elbonomecito
115 actions detected in the replay
| 0:01 | Create | Villager (Male) |
| 0:02 | Create | Villager (Male) |
| 0:02 | Create | Villager (Male) |
| 0:02 | Create | Villager (Male) |
| 0:02 | Create | Villager (Male) |
| 0:04 | Build | House |
| 0:06 | Build | House |
| 1:17 | Create | Villager (Male) |
| 1:18 | Create | Villager (Male) |
| 1:41 | Create | Villager (Male) |
| 1:41 | Create | Villager (Male) |
| 1:57 | Create | Villager (Male) |
| 1:57 | Create | Villager (Male) |
| 2:33 | Create | Villager (Male) |
| 2:33 | Create | Villager (Male) |
| 2:55 | Create | Villager (Male) |
| 2:55 | Create | Villager (Male) |
| 3:40 | Create | Villager (Male) |
| 3:40 | Create | Villager (Male) |
| 3:41 | Create | Villager (Male) |
| 3:41 | Create | Villager (Male) |
| 3:52 | Build | House |
| 3:53 | Build | House |
| 4:01 | Build | House |
| 4:05 | Create | Villager (Male) |
| 4:05 | Create | Villager (Male) |
| 4:05 | Create | Villager (Male) |
| 4:06 | Create | Villager (Male) |
| 4:06 | Create | Villager (Male) |
| 4:33 | Build | Lumber Camp |
| 4:37 | Create | Villager (Male) |
| 4:37 | Create | Villager (Male) |
| 4:37 | Create | Villager (Male) |
| 5:14 | Create | Villager (Male) |
| 5:15 | Create | Villager (Male) |
| 5:15 | Create | Villager (Male) |
| 5:15 | Create | Villager (Male) |
| 6:14 | Create | Villager (Male) |
| 6:50 | Build | Mill |
| 7:40 | Build | Mining Camp |
| 7:43 | Create | Villager (Male) |
| 7:44 | Research | Feudal Age |
| 8:36 | Build | Mining Camp |
| 8:59 | Build | House |
| 9:05 | Create | Villager (Male) |
| 9:05 | Create | Villager (Male) |
| 10:57 | Age | Feudal Age |
| 10:59 | Build | Market |
| 11:03 | Build | Blacksmith |
| 11:49 | Research | Castle Age |
| 11:49 | Research | Castle Age |
| 11:49 | Research | Castle Age |
| 11:52 | Research | Double-Bit Axe |
| 12:02 | Research | Stone Mining |
| 12:02 | Research | Stone Mining |
| 12:02 | Research | Stone Mining |
| 12:44 | Research | Horse Collar |
| 12:44 | Research | Horse Collar |
| 12:53 | Research | Loom |
| 12:53 | Research | Loom |
| 13:41 | Build | Farm |
| 13:48 | Build | Farm |
| 13:54 | Build | Farm |
| 14:28 | Build | Farm |
| 14:29 | Age | Castle Age |
| 14:30 | Create | Villager (Male) |
| 14:35 | Build | House |
| 14:49 | Build | Castle |
| 14:58 | Create | Villager (Male) |
| 15:07 | Build | Farm |
| 15:09 | Build | Farm |
| 15:37 | Create | Villager (Male) |
| 15:49 | Research | Bow Saw |
| 15:53 | Create | Villager (Male) |
| 15:59 | Create | Ghulam |
| 15:59 | Create | Ghulam |
| 16:12 | Build | Mining Camp |
| 16:29 | Create | Ghulam |
| 16:29 | Create | Ghulam |
| 16:29 | Create | Ghulam |
| 16:29 | Create | Ghulam |
| 16:29 | Create | Ghulam |
| 16:31 | Create | Villager (Male) |
| 16:31 | Create | Villager (Male) |
| 16:31 | Create | Villager (Male) |
| 16:56 | Create | Ghulam |
| 16:56 | Create | Ghulam |
| 16:56 | Create | Ghulam |
| 17:02 | Create | Ghulam |
| 17:02 | Create | Ghulam |
| 17:33 | Build | Monastery |
| 17:35 | Create | Villager (Male) |
| 17:36 | Create | Villager (Male) |
| 17:43 | Create | Ghulam |
| 17:43 | Create | Ghulam |
| 17:43 | Create | Ghulam |
| 18:05 | Create | Villager (Male) |
| 18:05 | Create | Villager (Male) |
| 18:05 | Create | Villager (Male) |
| 18:24 | Build | Town Center |
| 18:29 | Create | Monk |
| 18:35 | Create | Villager (Male) |
| 18:35 | Create | Villager (Male) |
| 18:39 | Create | Ghulam |
| 18:39 | Create | Ghulam |
| 18:39 | Create | Ghulam |
| 18:44 | Create | Monk |
| 19:08 | Create | Ghulam |
| 19:08 | Create | Ghulam |
| 19:08 | Create | Ghulam |
| 19:08 | Create | Ghulam |
| 19:33 | Create | Ghulam |
| 19:33 | Create | Ghulam |
| 19:58 | Create | Villager (Male) |
| 19:58 | Create | Villager (Male) |
Match timeline
| 9:30 | DS_Gitano Urbano · age_up feudal |
| 10:20 | DS_Gitano Urbano · first_market_sell 100 food |
| 10:23 | DS_Gitano Urbano · first_market_buy 100 food |
| 10:57 | elbonomecito · age_up feudal |
| 13:12 | DS_Gitano Urbano · age_up castle |
| 13:25 | DS_Gitano Urbano · first_building Monastery |
| 14:29 | elbonomecito · age_up castle |
| 14:49 | elbonomecito · first_building Castle |
| 14:49 | DS_Gitano Urbano · first_building Siege Workshop |
| 16:12 | DS_Gitano Urbano · wall_segment Palisade Wall x2 |
| 17:33 | elbonomecito · first_building Monastery |
| 18:11 | DS_Gitano Urbano · wall_segment Stone Wall x10 |
| 18:13 | DS_Gitano Urbano · wall_segment Stone Wall x11 |
| 19:28 | DS_Gitano Urbano · first_building Barracks |
| 19:39 | DS_Gitano Urbano · wall_segment Stone Wall x2 |
| 19:41 | DS_Gitano Urbano · wall_segment Stone Wall x13 |
| 20:18 | DS_Gitano Urbano · resign |
[ AI ANALYSIS · 1 CREDIT ]
What really happened in this match?
Wolo.gg analyzes every decision: build order, eco, micro, common mistakes by bracket. Personalized analysis on WhatsApp or Discord in 30 seconds.
Civ guide
Aztecs
Perfil
Jugador #352739